[Event "Early-Titled-Tuesday-Blitz-September-12-2023"]
[Site "Chess.com"]
[Date "2023.09.12"]
[Round "3"]
[White "the-gambler"]
[Black "Nekoo04"]
[Result "1-0"]
[WhiteElo "2552"]
[BlackElo "2284"]
[TimeControl "180+1"]
[EndTime "8:26:58 PDT"]
[Termination "the-gambler won by resignation"]

1. e4 c5 2. Nf3 d6 3. g3 Nc6 4. Nc3 Nf6 5. Bg2 g6 6. O-O Bg7 7. h3 O-O 8. d3 e6 9. Re1 d5 10. exd5 exd5 11. Bf4 a6 12. a3 Be6 13. Qd2 d4 14.
Ne4 Nxe4 15. dxe4 Re8 16. Bh6 Bh8 17. Rad1 c4 18. Ng5 Qb6 19. Qc1 Rac8 20. Kh2 d3 21.
cxd3 Bxb2 22. Qf4 Be5 23. Qh4 c3 24. Nxh7 Qd8 25. Bg5 Qd6 26. Nf6+ Kf8 27. Qh8+ Ke7 28. Nxe8+ Kd7 29. Nf6+ Bxf6 30. Qxf6 c2 31. Rc1 Nd4 32. Bf4 Qxa3 33. Qxd4+ 1-0

[Event "Early-Titled-Tuesday-Blitz-September-12-2023"]
[Site "Chess.com"]
[Date "2023.09.12"]
[Round "3"]
[White "esrosenberg"]
[Black "JAN2404"]
[Result "1-0"]
[WhiteElo "2369"]
[BlackElo "2017"]
[TimeControl "180+1"]
[EndTime "8:26:59 PDT"]
[Termination "esrosenberg won by resignation"]

1. d4 Nf6 2. Nf3 e6 3. g3 c5 4. Bg2 d5 5. O-O Nc6 6. c4 cxd4 7. Nxd4 Bc5 8. Nb3 Be7 9. cxd5 exd5 10. Nc3 Be6 11.
Be3 Rc8 12. Bc5 O-O 13. Bxe7 Qxe7 14. Nd4 Nxd4 15. Qxd4 Rc4 16. Qxa7 Qb4 17. Rab1 d4 18. Ne4 Bf5 19. Nxf6+ gxf6 20. Rbd1 Qxb2 21. Bf3 Rfc8 22.
Qxb7 Qxa2 23. Bd5 R8c7 24. Bxc4 Qxc4 25. Qb8+ Kg7 26. Kg2 Qd5+ 27. f3 Rc2 28. Rfe1 d3 29. Qe8 d2 30. Rf1 Rc6 31. e4 Qd3 32. Qxc6 1-0

[Event "Early-Titled-Tuesday-Blitz-September-12-2023"]
[Site "Chess.com"]
[Date "2023.09.12"]
[Round "3"]
[White "inagreV"]
[Black "Just_Lucky_1"]
[Result "0-1"]
[WhiteElo "2255"]
[BlackElo "2543"]
[TimeControl "180+1"]
[EndTime "8:27:00 PDT"]
[Termination "Just_Lucky_1 won by checkmate"]

1. e4 c5 2. Nf3 d6 3. d4 cxd4 4. Nxd4 Nf6 5. Nc3 a6 6. Bc4 e6 7.
a4 Nbd7 8. O-O Nc5 9. f4 Ncxe4 10. Nxe4 Nxe4 11. f5 e5 12. Nf3 Qc7 13. Bd5 Qc5+ 14. Kh1 Nf2+ 15. Rxf2 Qxf2 16. Bg5 Be7 17. Bxe7 Kxe7 18.
Qd3 Qb6 19. Rf1 f6 20. Nd2 Qd4 21. Qg3 Kf8 22. Be6 Qxd2 23. Qb3 Qd4 24. Bxc8 Rxc8 25.
Qxb7 Qc4 26. Qd7 Qxf1# 0-1

[Event "Early-Titled-Tuesday-Blitz-September-12-2023"]
[Site "Chess.com"]
[Date "2023.09.12"]
[Round "3"]
[White "WiktoriaPOL"]
[Black "ozates"]
[Result "0-1"]
[WhiteElo "2304"]
[BlackElo "2548"]
[TimeControl "180+1"]
[EndTime "8:27:05 PDT"]
[Termination "ozates won by resignation"]

1. c4 c6 2. Nf3 d5 3. e3 Nf6 4. Nc3 Nbd7 5. b3 e5 6. Bb2 e4 7.
Nd4 Bd6 8. cxd5 cxd5 9. Ncb5 Be7 10. Nf5 O-O 11. Nxe7+ Qxe7 12. Ba3 Nc5 13. Rc1 b6 14. d4 exd3 15. Bxd3 a6 16. Bxc5 bxc5 17. Nc3 d4 18. Ne2 dxe3 19. O-O Ng4 20. f3 Nf2 21. Qc2 g6 22.
Be4 Bb7 23. Bxb7 Qxb7 24. Qc3 Rfe8 25. Rc2 Rad8 26. Qxc5 Rc8 27. Qxe3 Rxe3 28. Rxc8+ Qxc8 29. Kxf2 Rxe2+ 30. Kxe2 Qc2+ 31. Ke3 Qxa2 0-1

[Event "Early-Titled-Tuesday-Blitz-September-12-2023"]
[Site "Chess.com"]
[Date "2023.09.12"]
[Round "3"]
[White "VSanduleac"]
[Black "valemava"]
[Result "1-0"]
[WhiteElo "2529"]
[BlackElo "2296"]
[TimeControl "180+1"]
[EndTime "8:27:06 PDT"]
[Termination "VSanduleac won on time"]

1. e4 c5 2. Nf3 Qa5 3. g3 Nf6 4. e5 Nd5 5. Bg2 Nc6 6. O-O e6 7. c3 d6 8. exd6 Bxd6 9. Na3 Be7 10. Nc4 Qd8 11. d4 cxd4 12. Nxd4 Nxd4 13. Qxd4 O-O 14.
Ne3 Nxe3 15. Bxe3 Qxd4 16. Bxd4 a5 17. a4 Bd7 18. Rfd1 Bc6 19. Bb6 Bxg2 20. Kxg2 Ra6 21.
Be3 Bd8 22. Rd7 b6 23. Rad1 Bf6 24. Rb7 Bd8 25. Rdd7 h6 26. h4 g5 27. hxg5 hxg5 28. Kf3 Kg7 29. Ke4 Kg6 30. Kd3 g4 31. Kc4 Bf6 32.
Kb5 Raa8 33. Rxb6 Rfc8 34. Rbb7 Rab8 35. Rxf7 Rxb7+ 36. Rxb7 Rd8 37. Kxa5 Rd1 38. Rb3 Kf5 39. Kb5 Rd5+ 40. Kc6 Be5 41. Bc5 Rd8 42. a5 Rc8+ 43.
Kb5 Rb8+ 44. Bb6 Bc7 45. Kc6 Bd8 46. a6 e5 47. a7 1-0

[Event "Early-Titled-Tuesday-Blitz-September-12-2023"]
[Site "Chess.com"]
[Date "2023.09.12"]
[Round "3"]
[White "pankajfm"]
[Black "Aash20"]
[Result "0-1"]
[WhiteElo "2101"]
[BlackElo "2534"]
[TimeControl "180+1"]
[EndTime "8:27:07 PDT"]
[Termination "Aash20 won by resignation"]

1. d4 d5 2. Bf4 Nf6 3. e3 c5 4. c3 Nc6 5. Nd2 Qb6 6. Qb3 c4 7. Qc2 Bg4 8. f3 Bh5 9. e4 Bg6 10. b3 cxb3 11. axb3 e6 12. Bd3 Rc8 13. Qb2 Be7 14.
Ne2 O-O 15. Bg3 Rfd8 16. Bf2 a6 17. Nf4 Qc7 18. Nxg6 hxg6 19. e5 Nh7 20. h4 Nxe5 21. dxe5 Qxe5+ 22. Kf1 Qxc3 23. Qxc3 Rxc3 24. Ke2 Rdc8 25.
h5 gxh5 26. Bxh7+ Kxh7 27. Rxh5+ Kg8 28. Rah1 f6 29. Bd4 Rc2 30. f4 Kf7 31. Kd3 Bb4 32. Nf3 Rxg2 33. Nh4 Rg3+ 34. Ke2 Rc2+ 35. Kf1 Rxb3 36.
Bf2 Rb1+ 37. Kg2 Rbb2 38. Rf1 Bc5 0-1

[Event "Early-Titled-Tuesday-Blitz-September-12-2023"]
[Site "Chess.com"]
[Date "2023.09.12"]
[Round "3"]
[White "Der_Balak_3Halak"]
[Black "Hanging_pointer"]
[Result "0-1"]
[WhiteElo "2420"]
[BlackElo "2599"]
[TimeControl "180+1"]
[EndTime "8:27:10 PDT"]
[Termination "Hanging_pointer won by resignation"]

1. e4 c6 2. Nf3 d5 3. Nc3 Bg4 4.
h3 Bxf3 5. Qxf3 dxe4 6. Nxe4 Nd7 7. d4 Ngf6 8. Nxf6+ Nxf6 9. c3 e6 10. Bd3 Be7 11.
O-O O-O 12. Bf4 Nd5 13. Rfe1 Bd6 14. Bd2 Re8 15. c4 Nb4 16. Bb1 Be7 17. a3 Na6 18. Bc3 Bf6 19. Re4 Nc7 20. Bc2 b5 21. b3 Qd7 22.
Rg4 Kh8 23. d5 Bxc3 24. Qxc3 f5 25. dxe6 Nxe6 26. Bxf5 Qf7 27. Qc2 g6 28. Be4 Rac8 29.
Re1 Qf6 30. Rg3 Nd4 31. Qc3 bxc4 32. bxc4 c5 33. Kh1 Rb8 34. Bd5 Qxf2 35. Rxe8+ Rxe8 36. Rf3 Qe1+ 37. Qxe1 Rxe1+ 38. Kh2 Nxf3+ 39. gxf3 Ra1 0-1

[Event "Early-Titled-Tuesday-Blitz-September-12-2023"]
[Site "Chess.com"]
[Date "2023.09.12"]
[Round "3"]
[White "Apocalyps999"]
[Black "MKlose11"]
[Result "0-1"]
[WhiteElo "2314"]
[BlackElo "2613"]
[TimeControl "180+1"]
[EndTime "8:27:12 PDT"]
[Termination "MKlose11 won by checkmate"]

1. e4 e6 2. d4 d5 3. Nd2 Nf6 4. e5 Nfd7 5. Bd3 c5 6. c3 Nc6 7.
Ne2 Be7 8. O-O cxd4 9. cxd4 f6 10. exf6 Nxf6 11. Nf3 O-O 12. Ng3 Bd7 13. Re1 Rc8 14.
a3 Qb6 15. Bg5 h6 16. Be3 Ng4 17. Bc1 Bf6 18. h3 Nxf2 19. Kxf2 Nxd4 20. Kf1 Nxf3 21. gxf3 Bh4 22. Kg2 Qd6 23. f4 Bc6 24. Qg4 d4+ 25.
Kh2 Bxg3+ 26. Kxg3 Rf6 27. Bd2 Qd5 28. Be4 Qb5 29.
Bxc6 Rxc6 30. b4 Qd3+ 31. Be3 dxe3 32. Rad1 Qg6 33. Rd8+ Kh7 34. Rxe3 Qb1 35. Rd1 Qc2 36. Qe2 Rg6+ 37. Kf3 Qf5 38. Rh1 Rc2 39. Re5 Rxe2 40. Rxf5 exf5 41. Kxe2 Rg3 42. a4 Rb3 43. b5 Rb4 44. Ra1 Rxf4 45. Ke3 Rh4 46. Kf3 Rxh3+ 47. Kf4 Kg6 48. Rg1+ Kf6 49. Rc1 g5# 0-1

[Event "Early-Titled-Tuesday-Blitz-September-12-2023"]
[Site "Chess.com"]
[Date "2023.09.12"]
[Round "3"]
[White "Inepton_Fermion"]
[Black "campochess"]
[Result "1/2-1/2"]
[WhiteElo "2374"]
[BlackElo "2115"]
[TimeControl "180+1"]
[EndTime "8:27:12 PDT"]
[Termination "Game drawn by repetition"]

1. e4 c5 2. Nf3 Nc6 3. d4 cxd4 4. Nxd4 e5 5. Nb5 a6 6. Nd6+ Bxd6 7. Qxd6 Qe7 8.
Qxe7+ Ngxe7 9. c3 d5 10. exd5 Nxd5 11. Bc4 Be6 12. O-O O-O 13. a4 Rac8 14. Na3 Nc7 15.
Bxe6 Nxe6 16. Re1 f6 17. Be3 Na5 18. Rad1 Nc4 19. Nxc4 Rxc4 20. Rd7 Rxa4 21. Rxb7 Rd8 22. g3 Ra2 23. h4 h5 24. Kg2 Kh7 25. Bb6 Rd2 26. b3 Rdc2 27. Rd1 Rxc3 28. Rd6 Nd4 29. Bxd4 exd4 30. Rxd4 Rcc2 31. Rf4 Kg6 32. b4 a5 33. bxa5 Rxa5 34. Kg1 Ra1+ 35. Kg2 Raa2 36. Rd7 Rcb2 37. Rd3 Rd2 38. Rxd2 Rxd2 39. Ra4 Rc2 40. Kf3 Rb2 41. Ke3 Rc2 42. f3 Rb2 43. Kf4 Rb3 44. g4 hxg4 45. fxg4 Rb1 46. h5+ Kh6 47. Ra5 Rf1+ 48. Kg3 Rg1+ 49.
Kf3 Rf1+ 50. Kg3 Rg1+ 51. Kf3 Rf1+ 52. Kg3 1/2-1/2

[Event "Early-Titled-Tuesday-Blitz-September-12-2023"]
[Site "Chess.com"]
[Date "2023.09.12"]
[Round "3"]
[White "Parhamov"]
[Black "Gareth-Bale11"]
[Result "1-0"]
[WhiteElo "3109"]
[BlackElo "2780"]
[TimeControl "180+1"]
[EndTime "8:27:13 PDT"]
[Termination "Parhamov won by checkmate"]

1. d4 Nf6 2. c4 e6 3. Nf3 d5 4.
Nc3 Bb4 5. Qa4+ Nc6 6. e3 O-O 7.
Bd2 dxc4 8. Bxc4 Bd6 9. Rd1 e5 10. dxe5 Nxe5 11. Be2 Nxf3+ 12. Bxf3 c6 13. O-O Qc7 14.
h3 Bh2+ 15. Kh1 Be5 16. Qc2 Be6 17. Be2 Qe7 18. e4 Rad8 19. f4 Bd4 20. e5 Nd5 21.
Ne4 Bf5 22. Bd3 Kh8 23. Nd6 Bxd3 24. Qxd3 Bc5 25. Nf5 Qe6 26. Qc2 Be7 27. Nd4 Qc8 28. f5 c5 29. Nf3 Rg8 30. Qe4 Qc6 31. Bg5 h6 32. Bh4 Bxh4 33. Qxh4 Ne3 34. Rxd8 Nxf1 35.
Rd6 Qc8 36. Rxh6+ gxh6 37. Qxh6# 1-0

[Event "Early-Titled-Tuesday-Blitz-September-12-2023"]
[Site "Chess.com"]
[Date "2023.09.12"]
[Round "3"]
[White "The_Machine04"]
[Black "Flaccidmoves"]
[Result "1-0"]
[WhiteElo "2661"]
[BlackElo "2480"]
[TimeControl "180+1"]
[EndTime "8:27:13 PDT"]
[Termination "The_Machine04 won on time"]

1. d4 Nf6 2. Nf3 g6 3. Nbd2 d5 4. e3 Bg7 5. b4 O-O 6. c4 Bg4 7. Be2 Nbd7 8. a4 Re8 9. Bb2 c6 10. h3 Bxf3 11. Nxf3 Ne4 12. O-O e5 13. dxe5 Nxe5 14.
Nxe5 Bxe5 15. Bxe5 Rxe5 16. Qd4 Qe7 17. b5 c5 18. Qb2 d4 19. exd4 cxd4 20. Qxd4 Nc5 21. Ra2 Rd8 22. Qg4 Re4 23. Qf3 Qe5 24. a5 Rf4 25.
Qg3 Ne4 26. Qe3 Re8 27. Bf3 Nc3 28. Qxe5 Rxe5 29. Rc2 Rxc4 30. Rfc1 Rec5 31. Kh2 b6 32. a6 Kg7 33. Be2 Nxe2 34. Rxc4 Rxb5 35. R1c2 1-0

[Event "Early-Titled-Tuesday-Blitz-September-12-2023"]
[Site "Chess.com"]
[Date "2023.09.12"]
[Round "3"]
[White "Polish_fighter3000"]
[Black "Vuk2000"]
[Result "1-0"]
[WhiteElo "3065"]
[BlackElo "2761"]
[TimeControl "180+1"]
[EndTime "8:27:14 PDT"]
[Termination "Polish_fighter3000 won by resignation"]

1. e4 e6 2. d4 d5 3. exd5 exd5 4. Nf3 Bd6 5. c4 dxc4 6. Bxc4 Nf6 7. O-O O-O 8. h3 h6 9. Qc2 Nc6 10. Nc3 a6 11. Bxh6 gxh6 12. Qg6+ Kh8 13. Qxh6+ Nh7 14. Ne4 Bf5 15. Rae1 Bxe4 16. Rxe4 Qf6 17. Qe3 Rg8 18.
Re1 Rg7 19. Ne5 Rag8 20. g3 Bxe5 21. dxe5 Qf5 22. h4 Rg4 23. Rxg4 Rxg4 24. Bd3 Rg8 25. Bxf5 1-0

[Event "Early-Titled-Tuesday-Blitz-September-12-2023"]
[Site "Chess.com"]
[Date "2023.09.12"]
[Round "3"]
[White "SashaKuzhilniy"]
[Black "Chessbard1972"]
[Result "0-1"]
[WhiteElo "2636"]
[BlackElo "2491"]
[TimeControl "180+1"]
[EndTime "8:27:14 PDT"]
[Termination "Chessbard1972 won on time"]

1. b3 e5 2. Bb2 Bd6 3. c4 c6 4. Nf3 Qe7 5. e4 Nf6 6. Nc3 O-O 7. Be2 Bc7 8. d4 d6 9. O-O a5 10. Re1 Bg4 11. h3 Bh5 12. Nh4 Bg6 13. Nxg6 hxg6 14. Bf1 Nbd7 15. Qd2 Bb6 16. d5 cxd5 17. cxd5 Nh5 18.
Bb5 Nc5 19. Rac1 f5 20. exf5 gxf5 21. Nd1 Ne4 22. Qe2 Nf4 23. Qf3 Qg5 24. Ne3 Rac8 25.
Bd7 Rxc1 26. Rxc1 Nd3 27. Be6+ Kh8 28. Rc2 Nexf2 29. Nc4 e4 30. Qe2 Nxh3+ 31. Kf1 Qf4+ 0-1

[Event "Early-Titled-Tuesday-Blitz-September-12-2023"]
[Site "Chess.com"]
[Date "2023.09.12"]
[Round "3"]
[White "MITerryble"]
[Black "RodTwinkz"]
[Result "1-0"]
[WhiteElo "2933"]
[BlackElo "2703"]
[TimeControl "180+1"]
[EndTime "8:27:15 PDT"]
[Termination "MITerryble won by resignation"]

1. d4 c5 2. d5 Nf6 3. Nc3 d6 4.
e4 a6 5. a4 g6 6. Be2 Bg7 7. Nf3 O-O 8. O-O Nbd7 9. Nd2 Rb8 10. Nc4 Ne8 11. a5 Nc7 12. Na4 Ne5 13. Ncb6 Na8 14. Nxc8 Rxc8 15. Bd2 e6 16. Bc3 Qe7 17. Re1 g5 18. Qd2 Ng6 19. Bxg7 Kxg7 20. Rad1 Rcd8 21. b3 Nc7 22. Nb6 Qf6 23. c4 Nf4 24.
Bf1 h5 25. b4 g4 26. bxc5 dxc5 27. e5 Qf5 28. d6 Na8 29. Na4 f6 30. Nxc5 fxe5 31.
Nxb7 Rd7 32. Nc5 Rdd8 33. d7 Rf7 34. Qe3 Ng6 35. Bd3 Qf6 36. Bxg6 Qxg6 37. Qxe5+ Kh7 38. Nxe6 Rdxd7 39. Rxd7 1-0

[Event "Early-Titled-Tuesday-Blitz-September-12-2023"]
[Site "Chess.com"]
[Date "2023.09.12"]
[Round "3"]
[White "Shield12"]
[Black "BlitzWizard04"]
[Result "1-0"]
[WhiteElo "2967"]
[BlackElo "2615"]
[TimeControl "180+1"]
[EndTime "8:27:16 PDT"]
[Termination "Shield12 won by resignation"]

1. e4 c5 2. Nf3 e6 3. b3 Nf6 4. e5 Nd5 5. Bb2 Nc6 6. g3 g6 7. c4 Nc7 8. d4 cxd4 9. Nxd4 Nxe5 10.
Nxe6 Nxe6 11. Bxe5 f6 12. Bb2 Qe7 13. Be2 Bg7 14. Nc3 O-O 15. O-O f5 16. f4 Nd4 17.
Bf3 Nxf3+ 18. Qxf3 Qc5+ 19. Kg2 Rb8 20. Na4 Qc7 21.
Bxg7 Kxg7 22. Nc3 b5 23. Nd5 Qc6 24. Qc3+ Kh6 25. Rae1 bxc4 26. bxc4 Ba6 27. Re7 Rg8 28. g4 fxg4 29. Qg3 Qxd5+ 30. cxd5 Bxf1+ 31. Kxf1 Rb1+ 32. Ke2 Rb2+ 33. Kd3 g5 34. fxg5+ Rxg5 35. Qh4+ 1-0

[Event "Early-Titled-Tuesday-Blitz-September-12-2023"]
[Site "Chess.com"]
[Date "2023.09.12"]
[Round "3"]
[White "Diaschess88"]
[Black "GamayevOleg"]
[Result "1-0"]
[WhiteElo "2645"]
[BlackElo "2470"]
[TimeControl "180+1"]
[EndTime "8:27:16 PDT"]
[Termination "Diaschess88 won by checkmate"]

1. e4 e6 2. d4 d5 3. Nc3 Bb4 4. e5 Ne7 5. a3 Bxc3+ 6. bxc3 c5 7. h4 Qc7 8. h5 h6 9. Nf3 Nbc6 10. a4 Na5 11. Ba3 b6 12. Bb5+ Bd7 13. O-O Bxb5 14.
axb5 Nc4 15. Bc1 Nf5 16. Bf4 cxd4 17. cxd4 Ne7 18. Nh4 O-O 19. Qg4 Nf5 20. Nxf5 exf5 21. Qxf5 Qc8 22. Qxc8 Rfxc8 23. Ra2 a5 24. bxa6 Na5 25.
Rb1 Rxa6 26. Rb5 Raa8 27. Rxd5 Nc6 28. Rxa8 Rxa8 29. Rd6 Nb4 30. Rxb6 Nxc2 31. d5 Nd4 32. Kh2 Rd8 33. d6 Ne6 34. Be3 Rd7 35. f4 g6 36.
g4 Ng7 37. hxg6 fxg6 38. Kg3 Kf7 39. Rb8 h5 40. gxh5 Nxh5+ 41. Kf3 Ng7 42. Ke4 Ke6 43. Rf8 Rf7 44. Rxf7 Kxf7 45. Kd5 Ne6 46. Kc6 Ke8 47. d7+ Ke7 48. Bb6 Nd8+ 49. Bxd8+ Kxd8 50. Kd6 g5 51. e6 gxf4 52. e7# 1-0

[Event "Early-Titled-Tuesday-Blitz-September-12-2023"]
[Site "Chess.com"]
[Date "2023.09.12"]
[Round "3"]
[White "lachesisQ"]
[Black "PeshkaCh"]
[Result "1-0"]
[WhiteElo "3071"]
[BlackElo "2773"]
[TimeControl "180+1"]
[EndTime "8:27:17 PDT"]
[Termination "lachesisQ won by checkmate"]

1. e4 e5 2. Nf3 Nc6 3. Bc4 Bc5 4.
c3 Nf6 5. d3 d6 6. O-O a5 7. Bb5 Bd7 8. Re1 Ba7 9. a4 h6 10.
Nbd2 Ne7 11. d4 c6 12. Bd3 Ng6 13. Nf1 Bg4 14. Be3 Qe7 15. h3 Bxf3 16. Qxf3 Nh7 17. Ng3 Ng5 18. Qg4 O-O 19. Nf5 Qf6 20. Rad1 Ne6 21. Bb1 Rfd8 22. h4 Kh8 23. g3 Ne7 24. Ba2 exd4 25. cxd4 d5 26. Nxe7 Qxe7 27. e5 Nf8 28.
Bb1 c5 29. Kg2 cxd4 30. Bg5 hxg5 31. hxg5 g6 32. Qh4+ Kg8 33. Re2 Nh7 34. Rh1 Qxg5 35. Qxh7+ Kf8 36. e6 fxe6 37. Rxe6 d3 38. Rxg6 Qf5 39.
Rg8# 1-0

[Event "Early-Titled-Tuesday-Blitz-September-12-2023"]
[Site "Chess.com"]
[Date "2023.09.12"]
[Round "3"]
[White "malakismayil"]
[Black "OparinGrigoriy"]
[Result "0-1"]
[WhiteElo "2526"]
[BlackElo "3023"]
[TimeControl "180+1"]
[EndTime "8:27:21 PDT"]
[Termination "OparinGrigoriy won on time"]

1. e4 c5 2. Nf3 Nc6 3. Bb5 e6 4. O-O Nge7 5. d4 cxd4 6. Nxd4 Nxd4 7. Qxd4 Nc6 8. Bxc6 dxc6 9. Qxd8+ Kxd8 10. Rd1+ Ke8 11. Bf4 f6 12. e5 h6 13. Nd2 g5 14. Be3 f5 15. f3 Rh7 16. Nc4 Rd7 17. Rxd7 Bxd7 18.
Rd1 b6 19. Nd6+ Ke7 20. c4 c5 21. b4 cxb4 22. c5 b5 23. c6 Bxc6 24. Bc5 Bd5 25. Nxf5+ Kd7 26. Bxf8 Rxf8 27. Ne3 Kc6 28. Rc1+ Kb6 29.
Nxd5+ exd5 30. Kf2 Re8 31. Re1 a5 32. g3 d4 33. f4 Kc5 34. Kf3 Kd5 35. Rc1 a4 36. Rb1 b3 37. axb3 a3 38. b4 a2 39. Ra1 Ra8 40. Ke2 Ra3 0-1

[Event "Early-Titled-Tuesday-Blitz-September-12-2023"]
[Site "Chess.com"]
[Date "2023.09.12"]
[Round "3"]
[White "Andreikka"]
[Black "Lennis93"]
[Result "1-0"]
[WhiteElo "3002"]
[BlackElo "2744"]
[TimeControl "180+1"]
[EndTime "8:27:22 PDT"]
[Termination "Andreikka won on time"]

1. Nf3 b6 2. e4 c5 3. d4 cxd4 4.
Nxd4 Bb7 5. f3 a6 6. c4 g6 7. Nc3 Bg7 8. Be3 d6 9. Qd2 Nd7 10. g4 h5 11. g5 e6 12. Be2 Rc8 13. Rc1 Ne7 14. O-O O-O 15. Rfd1 d5 16. cxd5 exd5 17. exd5 Nxd5 18. Nxd5 Rxc1 19. Qxc1 Bxd5 20. Nc6 Bxc6 21. Qxc6 Qe7 22. Qe4 Qxe4 23. fxe4 Nc5 24. Rd6 Bxb2 25.
Rxb6 Ba3 26. Bc4 Kh7 27. Bd5 a5 28. Rb5 Ne6 29. Rxa5 Bb2 30. Ra7 Bd4 31. Bxd4 Nxd4 32. Kf2 Kg7 33. a4 h4 34. Rb7 Rc8 35. Rxf7+ Kh8 36. Ke3 Nc2+ 37. Kf4 Nd4 38. Ke5 Nc2 39. Rf4 Kg7 40. a5 Re8+ 41. Kd6 Rd8+ 42. Kc7 Re8 43. a6 Nb4 44. a7 Re7+ 45. Kb6 1-0

[Event "Early-Titled-Tuesday-Blitz-September-12-2023"]
[Site "Chess.com"]
[Date "2023.09.12"]
[Round "3"]
[White "Herman-NY"]
[Black "LUISMIGUELOV"]
[Result "1-0"]
[WhiteElo "2536"]
[BlackElo "2104"]
[TimeControl "180+1"]
[EndTime "8:27:22 PDT"]
[Termination "Herman-NY won by resignation"]

1. e4 c6 2. d4 d5 3. e5 c5 4.
dxc5 Nc6 5. f4 e6 6. Be3 Nge7 7. c3 Nf5 8. Bf2 a5 9. Bb5 Bd7 10. Qa4 g5 11. Nf3 gxf4 12. Qxf4 Rg8 13. g4 Nfe7 14. Ng5 Rg7 15. Bxc6 Bxc6 16. h4 Ng6 17. Qg3 Qc7 18. Bd4 O-O-O 19. Nd2 Be8 20. b4 axb4 21. cxb4 f6 22.
Nxe6 Qb8 23. Nxg7 Bxg7 24. O-O fxe5 25. Bf2 Nf4 26. Rfe1 Bg6 27. Rac1 Nd3 28. c6 Nxc1 29. Rxc1 bxc6 30. Rxc6+ Kb7 31. Rb6+ Kc8 32. Rxb8+ Kxb8 33. Nb3 Rc8 34. Nc5 d4 35. Bxd4 Ka8 36. Bxe5 Bxe5 37. Qxe5 Re8 38. Qd5+ 1-0

[Event "Early-Titled-Tuesday-Blitz-September-12-2023"]
[Site "Chess.com"]
[Date "2023.09.12"]
[Round "3"]
[White "econpower"]
[Black "Duhless"]
[Result "0-1"]
[WhiteElo "2731"]
[BlackElo "2979"]
[TimeControl "180+1"]
[EndTime "8:27:24 PDT"]
[Termination "Duhless won by resignation"]

1. d4 Nf6 2. Nf3 g6 3. c4 Bg7 4.
Nc3 d5 5. cxd5 Nxd5 6. Bd2 c5 7. e4 Nxc3 8. Bxc3 cxd4 9. Bxd4 O-O 10. Bxg7 Kxg7 11.
Qxd8 Rxd8 12. Rd1 Rxd1+ 13. Kxd1 Be6 14. a3 Nc6 15. Bb5 Rd8+ 16. Ke2 Nd4+ 17. Nxd4 Rxd4 18.
Bd3 Bc4 19. Bxc4 Rxc4 20. Kd3 Rc6 21. f4 Kf6 22. Rf1 h5 23. g3 Rd6+ 24. Ke3 Rb6 25. Rf2 e5 26. b4 Ra6 27. Ra2 Rc6 28. Kd3 Ke6 29. a4 f6 30. Rf2 Rd6+ 31. Ke3 Rd4 32. Rb2 b6 33. a5 bxa5 34. bxa5 Ra4 35. fxe5 Ra3+ 36. Kf2 Kxe5 37. Rb5+ Kxe4 38. Rb4+ Kd5 0-1

[Event "Early-Titled-Tuesday-Blitz-September-12-2023"]
[Site "Chess.com"]
[Date "2023.09.12"]
[Round "3"]
[White "Zarinur"]
[Black "MightyGMpretender"]
[Result "0-1"]
[WhiteElo "2506"]
[BlackElo "2814"]
[TimeControl "180+1"]
[EndTime "8:27:25 PDT"]
[Termination "MightyGMpretender won on time"]

1. e4 g6 2. d4 Bg7 3. Nc3 a6 4. Nf3 d6 5. h3 Nf6 6. Bd3 O-O 7. O-O Nbd7 8. Bg5 c5 9. Qd2 cxd4 10. Nxd4 Nc5 11.
Bh6 Bd7 12. Bxg7 Kxg7 13. Kh1 e5 14. Nb3 Bc6 15. Rfe1 Ne6 16. Rad1 Qc7 17. Bc4 Rad8 18. Bxe6 fxe6 19. Qe3 Nh5 20. g3 Rf7 21. Kg2 Rdf8 22. Rd2 Nf6 23. Red1 d5 24. f3 d4 25. Nxd4 exd4 26.
Rxd4 e5 27. Rd6 Ne8 28. R6d3 Rxf3 29. Qxf3 Rxf3 30. Kxf3 Nf6 31. R1d2 b5 32. Nd5 Bxd5 0-1

[Event "Early-Titled-Tuesday-Blitz-September-12-2023"]
[Site "Chess.com"]
[Date "2023.09.12"]
[Round "3"]
[White "ckgchess"]
[Black "krstulov_alex"]
[Result "1-0"]
[WhiteElo "2867"]
[BlackElo "2649"]
[TimeControl "180+1"]
[EndTime "8:27:26 PDT"]
[Termination "ckgchess won by resignation"]

1. e4 c6 2. d4 d5 3. e5 c5 4. dxc5 e6 5. Be3 Nd7 6. Bb5 Ne7 7. Nf3 Nf5 8. Bd4 Qa5+ 9. Nc3 a6 10. Bxd7+ Bxd7 11.
a3 Nxd4 12. Qxd4 Bxc5 13. Qg4 Qb6 14. O-O Qxb2 15. Qxg7 O-O-O 16. Ne2 Bb5 17. Rfb1 Qxc2 18. Ned4 Qg6 19. Qxg6 hxg6 20. Nxb5 axb5 21. Rxb5 b6 22. a4 Kc7 23. a5 Kc6 24. Rab1 bxa5 25. Rxa5 Rb8 26.
Rc1 Rb7 27. Raxc5+ Kd7 28. g3 Rhb8 29. Kg2 Rb2 30.
R5c2 Ke8 31. Rxb2 Rxb2 32. Rc8+ Kd7 33. Ra8 Ke7 34. Ra7+ Kf8 35. Ng5 f5 36. exf6 1-0

[Event "Early-Titled-Tuesday-Blitz-September-12-2023"]
[Site "Chess.com"]
[Date "2023.09.12"]
[Round "3"]
[White "Shockerlover"]
[Black "emeli_chess"]
[Result "0-1"]
[WhiteElo "1998"]
[BlackElo "2359"]
[TimeControl "180+1"]
[EndTime "8:27:26 PDT"]
[Termination "emeli_chess won on time"]

1. d4 Nf6 2. Nf3 d5 3. c4 e6 4. g3 dxc4 5. Bg2 Nc6 6. O-O Rb8 7. Nbd2 b5 8. e3 Bd6 9. a4 a6 10. Qc2 O-O 11. Ng5 Nb4 12. Qb1 h6 13. Nge4 Nxe4 14.
Nxe4 Nd3 15. Bd2 Bb7 16. b3 f5 17. Nxd6 Bxg2 18. Kxg2 cxd6 19. axb5 axb5 20. Ra7 Qb6 21. Qa1 Ra8 22. Rxa8 Qc6+ 23. f3 Rxa8 24. Qc3 Ra2 25. bxc4 Qxc4 26. Kh3 Qxc3 27. Bxc3 b4 28. Ba1 b3 29. Rb1 b2 30. Bxb2 Rxb2 31. Rxb2 Nxb2 32. Kh4 Kh7 33. e4 g5+ 34. Kh5 Nd3 35. exf5 exf5 36. h4 gxh4 37. Kxh4 Kg6 38. g4 f4 39. Kh3 Ne1 0-1

[Event "Early-Titled-Tuesday-Blitz-September-12-2023"]
[Site "Chess.com"]
[Date "2023.09.12"]
[Round "3"]
[White "Sammed_Shete"]
[Black "abhidabhi"]
[Result "1-0"]
[WhiteElo "2707"]
[BlackElo "2893"]
[TimeControl "180+1"]
[EndTime "8:27:27 PDT"]
[Termination "Sammed_Shete won on time"]

1. d4 Nf6 2. c4 c5 3. d5 e6 4. Nc3 exd5 5. cxd5 d6 6. e4 g6 7. Nf3 Bg7 8. Nd2 O-O 9. Be2 Re8 10. O-O a6 11. a4 Nbd7 12. Re1 Rb8 13. a5 Qc7 14.
f4 c4 15. Kh1 Nc5 16. Bxc4 b5 17. axb6 Qxb6 18. e5 Ng4 19. Nde4 Nxe4 20. Nxe4 dxe5 21.
d6 Bb7 22. Qxg4 Qd4 23. Ra4 Kh8 24. f5 Bc6 25. f6 Bf8 26. Qh4 Bxa4 27. Bh6 Rxb2 28.
Bxf8 1-0

[Event "Early-Titled-Tuesday-Blitz-September-12-2023"]
[Site "Chess.com"]
[Date "2023.09.12"]
[Round "3"]
[White "Triumphmate"]
[Black "Pumpkin_in_moonlight"]
[Result "1-0"]
[WhiteElo "2518"]
[BlackElo "2282"]
[TimeControl "180+1"]
[EndTime "8:27:28 PDT"]
[Termination "Triumphmate won on time"]

1. e4 e5 2. Nf3 Nc6 3. Nc3 Nf6 4. Bb5 Bb4 5. O-O O-O 6. d3 d6 7. Bg5 Bxc3 8. bxc3 h6 9. Bh4 Be6 10. d4 Bg4 11. h3 Bxf3 12. Qxf3 exd4 13. Bxc6 bxc6 14.
cxd4 Re8 15. Rae1 g5 16. Bg3 Nh7 17. Qc3 Qd7 18. f4 d5 19. e5 g4 20. f5 gxh3 21.
Bf4 hxg2 22. Rf2 Qxf5 23. Bxh6 Qh5 24. Rxg2+ Kh8 25. Bg7+ Kg8 26. Bf6+ Kf8 27. Qc5+ 1-0